 Dungeon Crawl Stone Soup version 0.30-a0-305-g026cb31310 (webtiles) character file.

Game seed: 13009623848513364834

11216 greasedhog the Destroyer (level 11, -19/57 HPs)
             Began as a Gargoyle Hedge Wizard on Oct 23, 2022.
             Was a Believer of Sif Muna.
             Demolished by a large slime creature (29 damage)
             ... on level 9 of the Dungeon.
             The game lasted 00:34:32 (22789 turns).

greasedhog the Destroyer (Gargoyle Hedge Wizard)   Turns: 22789, Time: 00:34:32

Health: -19/57     AC: 17    Str: 13    XL:     11   Next: 74%
Magic:  23/28      EV: 11    Int: 20    God:    Sif Muna [**....]
Gold:   540        SH:  2    Dex:  9    Spells: 10/23 levels left

rFire   . . .      SeeInvis .    h - +0 rapier (venom)
rCold   . . .      Faith    .    b - +0 buckler
rNeg    + . .      Spirit   .    q - +0 troll leather armour
rPois   ∞          Reflect  .    c - +0 hat
rElec   +          Harm     .    F - +0 cloak
rCorr   .          Rampage  .    z - +0 pair of gloves
Will    .....                    A - +1 pair of boots
Stlth   +.........               (no amulet)
HPRegen 1.09/turn                j - ring of flight
MPRegen 0.21/turn                I - ring of magical power

@: on blink cooldown, flying, slowed, very slow
A: sickness immunity, AC +8, negative energy resistance 1, electricity
resistance, torment resistance 1, petrification resistance, frail 1, low MP 1
a: Renounce Religion, Channel Magic


You were on level 9 of the Dungeon.
You worshipped Sif Muna.
Sif Muna was pleased with you.
You visited 2 branches of the dungeon, and saw 11 of its levels.

You collected 540 gold pieces.

Inventory:

Hand Weapons
 h - a +0 rapier of venom (weapon)
Armour
 b - a +0 buckler (worn)
 c - a +0 hat (worn)
 q - a +0 troll leather armour (worn)
 z - a +0 pair of gloves (worn)
 A - a +1 pair of boots (worn)
 F - a +0 cloak (worn)
Magical Staves
 e - a staff of earth
Jewellery
 j - a ring of flight (left hand)
 I - a ring of magical power (right hand)
Wands
 v - a wand of paralysis (1)
 w - a wand of polymorph (10)
 E - a wand of mindburst (20)
 K - a wand of flame (7)
Scrolls
 g - 2 scrolls of brand weapon
 i - a scroll of silence
 k - a scroll of magic mapping
 o - 3 scrolls of amnesia
 s - 2 scrolls of teleportation
 u - a scroll of butterflies {unknown}
 x - a scroll of blinking
 y - 2 scrolls of immolation {unknown}
 H - 2 scrolls of enchant armour {unknown}
 M - a scroll of vulnerability {unknown}
 N - 2 scrolls of identify
Potions
 a - 2 potions of resistance {unknown}
 d - 2 potions of magic
 f - a potion of ambrosia {unknown}
 l - 3 potions of curing
 m - a potion of brilliance {unknown}
 n - 2 potions of flight {unknown}
 p - a potion of cancellation {unknown}
 r - 3 potions of heal wounds {unknown}
 t - 2 potions of degeneration {unknown}
 B - 2 potions of haste {unknown}
 C - 3 potions of lignification {unknown}
 D - 3 potions of mutation {unknown}
 G - 2 potions of attraction {unknown}
 L - 2 potions of invisibility {unknown}
Miscellaneous
 J - a lightning rod (3/4)


   Skills:
 - Level 5.2 Fighting
 - Level 3.9 Staves
 - Level 5.0 Armour
 * Level 4.2 Dodging
 - Level 2.1 Stealth
 * Level 6.8 Spellcasting
 + Level 11.7 Conjurations
 - Level 0.8 Summonings
 - Level 5.0 Translocations
 + Level 4.3 Transmutations
 - Level 1.0 Air Magic
 - Level 5.0 Poison Magic


You had 10 spell levels left.
You knew the following spells:

 Your Spells              Type           Power      Damage    Failure   Level
a - Magic Dart            Conj           100%       1d8       1%          1
b - Blink                 Tloc           52%        N/A       3%          2
c - Mephitic Cloud        Conj/Pois/Air  30%        N/A       4%          3
d - Poisonous Vapours     Pois/Air       38%        N/A       7%          2
e - Irradiate             Conj/Tmut      19%        3d18      17%         5

Your spell library contained the following spells:

 Spells                   Type           Power      Damage    Failure   Level
 Foxfire                  Conj/Fire      100%       2x1d9     1%          1
 Passwall                 Tmut/Erth      12%        N/A       11%         2
 Necrotise                Necr           24%        1d5       17%         1
 Slow                     Hex            24%        N/A       17%         1
 Call Imp                 Summ           10%        N/A       19%         2
 Ensorcelled Hibernation  Hex/Ice        12%        N/A       26%         2
 Swiftness                Air            10%        N/A       32%         3
 Fireball                 Conj/Fire      15%        3d8       38%         5
 Petrify                  Tmut/Erth      15%        N/A       56%         4
 Starburst                Conj/Fire      15%        6d6       92%         6
 Cigotuvi's Dreadful Rot  Necr/Pois/Air  Unusable   N/A       N/A         2
 Sublimation of Blood     Necr           Unusable   N/A       N/A         2

Dungeon Overview and Level Annotations

Branches:
Dungeon (10/15)            Temple (1/1) D:4            Lair (0/5) D:10
    Orc: D:9-12

Altars:
Ashenzari
Cheibriados
Dithmenos
Elyvilon
Fedhas
Gozag
Hepliaklqana
Kikubaaqudgha
Makhleb
Nemelex Xobeh
Okawaru
Qazlal
Ru
Sif Muna
Trog
Uskayaw
Vehumet
Wu Jian
Xom
Yredelemnul
Zin
The Shining One
Jiyva

Annotations:
D:7 Gastronok


Innate Abilities, Weirdness & Mutations

You are immune to sickness and miasma.
Your stone body is resilient. (AC +8)
You are immune to poison.
You resist negative energy. (rN+)
You are resistant to electric shocks. (rElec)
You are resistant to unholy torment.
You are immune to petrification.
You are frail. (-10% HP)
Your magical capacity is low. (-10% MP)


Message History

The wraith is lightly damaged.
The wraith hits you. The wraith drains your vigour!
You feel yourself slow down. The wraith hits you but does no damage.
The slime creature quivers.
You hit the wraith.
The wraith is lightly damaged.
The wraith barely misses you. The wraith hits you.
The wraith drains your vigour!
You feel as though you will be slow longer.
Two slime creatures merge to form a large slime creature.
Casting: Blink (safe; 3% risk of failure)
Confirm with . or Enter, or press ? or * to list all spells.
You miscast Blink.
You are very lightly contaminated with residual magic.
Nothing appears to happen.
The wraith hits you.
Casting: Blink (safe; 3% risk of failure)
Confirm with . or Enter, or press ? or * to list all spells.
You miscast Blink.
Nothing appears to happen.
The wraith closely misses you. The wraith hits you!
The wraith drains your vigour!
You feel as though you will be slow longer.
Casting: Blink (safe; 3% risk of failure)
Confirm with . or Enter, or press ? or * to list all spells.
You blink.
The large slime creature attacks as you move away!
The large slime creature barely misses you.
The large slime creature hits you!
You feel stable enough to blink again.
The large slime creature attacks as you move away!
The large slime creature hits you! The large slime creature hits you!!
* * * LOW HITPOINT WARNING * * *
The large slime creature hits you but does no damage.
Casting: Blink (safe; 3% risk of failure)
Confirm with . or Enter, or press ? or * to list all spells.
You blink.
Your magical contamination has completely faded away.
The large slime creature attacks as you move away!
The large slime creature hits you!!
Ouch! That really hurt!
You die...

......##.##.........###....<....#
......##..####...###...###...###.
......###.....###.........###....
.##...####.....#####...###...###.
.##...#......#..# ####.........#
.##...#.####.##.## ####...####
.##...#.#....##..# ####...#
#####.#.########.# #.###
##..##...#.W.# #@# ####.#
##.####..#.#.###J# #....#
.##†#_#..#W#.W.W>###### #.####
#.##.##..#.#.######...####.#
##..######.#........#..##..#
####..W...###########....####
######## ###.....## #####..###
##....


You could see a large slime creature and a wraith.

Vanquished Creatures
  Josephine (D:10)
  Erolcha (D:10)
  Nergalle (D:9)
  An unseen horror (D:10)
  A komodo dragon (D:10)
  2 trolls (D:10)
  3 slime creatures (D:9)
  Sigmund (D:5)
  A vampire (D:10)
  4 wraiths
  4 wyverns
  9 yaks
  3 steam dragons
  Edmund (D:5)
  7 water moccasins
  3 orc warriors (D:9)
  An ice beast (D:6)
  3 sky beasts
  3 ogres
  2 centaurs
  A phantom (D:3)
  Blork the orc (D:4)
  A kobold brigand (D:7)
  A necrophage (D:6)
  2 scorpions
  2 gnoll sergeants
  3 bullfrogs
  4 wights (D:7)
  13 killer bees
  3 howler monkeys
  3 hounds
  A jelly (D:5)
  11 orc priests
  Crazy Yiuf (D:7)
  5 iguanas
  Ijyb (D:5)
  12 orc wizards
  11 gnolls
  2 adders
  A shadow imp (D:6)
  A white imp (D:6)
  An ufetubus (D:4)
  4 worms
  2 dart slugs
  29 orcs
  12 ball pythons
  4 endoplasms
  6 giant cockroaches
  9 goblins
  11 hobgoblins
  6 quokkas
  8 bats
  14 kobolds
  5 rats
243 creatures vanquished.

Vanquished Creatures (others)
  2 orc wizards (D:9)
  An orc (D:8)
  A goblin (D:7)
  15 fungi
  14 plants
33 creatures vanquished.

Grand Total: 276 creatures vanquished

Notes
Turn   | Place    | Note
-------+----------+-------------------------------------------
     0 | D:1      | greasedhog the Gargoyle Hedge Wizard began the quest for
                  | the Orb.
     0 | D:1      | Reached XP level 1. HP: 10/10 MP: 4/4
   348 | D:1      | Reached XP level 2. HP: 16/16 MP: 0/6
   941 | D:1      | Reached skill level 1 in Fighting
  1271 | D:1      | Reached skill level 2 in Conjurations
  1543 | D:1      | Reached XP level 3. HP: 20/20 MP: 2/7
  2018 | D:2      | Learned a level 2 spell: Blink
  2022 | D:2      | Learned a level 3 spell: Mephitic Cloud
  2076 | D:2      | Found a shadowy altar of Dithmenos.
  3374 | D:3      | Reached XP level 4. HP: 25/25 MP: 2/9
  3564 | D:3      | Noticed a phantom
  3584 | D:3      | Killed a phantom
  3585 | D:3      | Reached skill level 1 in Staves
  3585 | D:3      | Reached skill level 3 in Conjurations
  3585 | D:3      | Reached XP level 5. HP: 21/30 MP: 1/10
  5168 | D:4      | Noticed Blork the orc
  5174 | D:4      | Reached XP level 6. HP: 33/36 MP: 5/12
  5176 | D:4      | Found a sparkling altar of Nemelex Xobeh.
  5272 | D:4      | Reached skill level 1 in Poison Magic
  5542 | D:4      | Found a sacrificial altar of Ru.
  5613 | D:4      | Found a hazy altar of Hepliaklqana.
  5690 | D:4      | Found a staircase to the Ecumenical Temple.
  5941 | D:4      | Reached skill level 4 in Conjurations
  6030 | D:4      | Reached skill level 1 in Air Magic
  6315 | D:4      | Reached XP level 7. HP: 40/40 MP: 4/14
  6340 | D:4      | Killed Blork the orc
  6453 | D:4      | Found a shimmering blue altar of Sif Muna.
  6577 | D:4      | Got Sif Muna's Papyrus of the Dead
  6618 | D:4      | Reached skill level 5 in Spellcasting
  6670 | Temple   | Entered the Ecumenical Temple
  6877 | D:4      | Became a worshipper of Sif Muna the Loreminder
  6951 | D:5      | Entered Level 5 of the Dungeon
  6957 | D:5      | Reached skill level 5 in Conjurations
  7570 | D:5      | Noticed Ijyb
  7570 | D:5      | Noticed Edmund
  7816 | D:5      | Noticed Sigmund
  7844 | D:4      | Reached XP level 8. HP: 20/48 MP: 5/15
  7957 | D:5      | Killed Sigmund
  7958 | D:5      | Reached skill level 6 in Conjurations
  8066 | D:5      | Learned a level 2 spell: Poisonous Vapours
  8551 | D:5      | Killed Ijyb
  9107 | D:5      | Killed Edmund
  9108 | D:5      | Reached skill level 7 in Conjurations
  9312 | D:6      | Reached skill level 5 in Fighting
  9438 | D:6      | Reached skill level 1 in Translocations
  9512 | D:6      | Found a blossoming altar of Fedhas.
  9686 | D:6      | Reached skill level 8 in Conjurations
  9686 | D:6      | Reached XP level 9. HP: 49/54 MP: 7/16
 10894 | D:6      | Reached skill level 5 in Poison Magic
 11113 | D:7      | Found a flagged portal.
 11133 | D:7      | Reached skill level 9 in Conjurations
 11136 | D:7      | Reached * piety under Sif Muna
 12171 | D:7      | Reached skill level 10 in Conjurations
 12990 | D:7      | Reached XP level 10. HP: 59/59 MP: 10/17
 13041 | D:7      | Reached skill level 1 in Armour
 13292 | D:7      | Found a runed translucent door.
 13293 | D:7      | Noticed Crazy Yiuf
 13309 | D:7      | Killed Crazy Yiuf
 13983 | D:8      | Noticed Gastronok
 15377 | D:8      | Found a white marble altar of Elyvilon.
 15380 | D:8      | Found a hide-covered altar of Uskayaw.
 15383 | D:8      | Found a glowing silver altar of Zin.
 15386 | D:8      | Found a radiant altar of Vehumet.
 15392 | D:8      | Reached skill level 11 in Conjurations
 15817 | D:8      | Identified the +1 robe "Heaclog" {Dex+4}
 15947 | D:8      | Found a broken altar of Ashenzari.
 16026 | D:8      | Learned a level 5 spell: Irradiate
 16868 | D:9      | Reached skill level 1 in Transmutations
 17261 | D:9      | Reached ** piety under Sif Muna
 17847 | D:9      | Found a shadowy altar of Dithmenos.
 18532 | D:10     | Entered Level 10 of the Dungeon
 18622 | D:10     | Reached skill level 5 in Translocations
 19125 | D:10     | Reached skill level 5 in Armour
 19189 | D:10     | Noticed Nergalle
 19241 | D:10     | HP: 2/54 [spectral orc warrior/+0 long sword[Nergalle] (5)]
 19704 | D:10     | Reached XP level 11. HP: 61/64 MP: 9/19
 19770 | D:10     | Noticed Josephine
 20103 | D:9      | Killed Nergalle
 20347 | D:10     | Killed Josephine
 20390 | D:10     | Noticed Erolcha
 20554 | D:10     | Killed Erolcha
 22003 | D:10     | Gained mutation: You are frail. (-10% HP) [mutagenic glow]
 22145 | D:10     | Found a staircase to the Lair.
 22162 | D:10     | Gained mutation: Your magical capacity is low. (-10% MP)
                  | [mutagenic glow]
 22783 | D:9      | HP: 2/57 [large slime creature (24)]
 22789 | D:9      | Demolished by a large slime creature

Illustrated notes

Levels and vault maps discovered:
D:1:      amcnicky_arrival_double_pillar, layout_basic, roderic_roman_lattice,
          minmay_distorted
D:2:      layout_basic, basic_altar, kennysheep_cross_bottleneck,
          minmay_tromino_v7
D:3:      layout_basic, minmay_checkerbox
D:4:      layout_basic, mainiacjoe_overflow_tiny_flanked, led_sif_book,
          lemuel_doored_altar, mainiacjoe_overflow_boulevard,
          minmay_temple_entry_slanted, uniq_blork_the_orc
D:5:      layout_layer_cave, uniq_sigmund, uniq_edmund, uniq_ijyb
D:6:      layout_loops_corners, fedhas_altar_3
D:7:      layout_rooms, enter_bailey_5, uniq_crazy_yiuf_cottage
D:8:      layout_cave_pools, grunt_temple_overflow_cloverleaf,
          evilmike_ruin_ashenzari, uniq_gastronok
D:9:      nicolae_BIG_FREAKIN_CUBE, layout_basic, marbit_many_paths
D:10:     layout_gridville, minmay_lair_entry_grove, uniq_erolcha,
          uniq_josephine, uniq_nergalle
Temple:   pf_slime_end_temple

Skill      XL: |  1  2  3  4  5  6  7  8  9 10 11 |
---------------+----------------------------------+-----
Fighting       | 1 2 3 5 |  5.2
Conjurations   | 2 3 4 5 8 10 11 | 11.7
Staves         | 1 3 |  3.9
Spellcasting   | 4 5 6 |  6.8
Poison Magic   | 1 2 4 5 |  5.0
Air Magic      | 1 |  1.0
Translocations | 1 4 5 |  5.0
Armour         | 5 |  5.0
Transmutations | 2 4 |  4.3
Dodging        | 4 |  4.2
Stealth        | |  2.1
Summonings     | |  0.8

Action                   |  1- 3 |  4- 6 |  7- 9 | 10-12 || total
-------------------------+-------+-------+-------+-------++-------
Melee: Dagger            |    17 |       |       |       ||    17
       Staff             |    26 |    31 |   170 |   173 ||   400
       Punch             |       |       |     4 |     1 ||     5
       Rapier            |       |       |       |   163 ||   163
 Cast: Magic Dart        |   125 |   159 |   283 |   373 ||   940
       Mephitic Cloud    |       |     1 |    33 |    43 ||    77
       Poisonous Vapours |       |       |    14 |       ||    14
       Blink             |       |       |     1 |     7 ||     8
       Irradiate         |       |       |       |    25 ||    25
Evoke: Wand              |       |    15 |    12 |     4 ||    31
       Lightning rod     |       |       |       |     4 ||     4
  Use: Scroll            |     3 |     3 |       |     5 ||    11
       Potion            |       |       |       |     1 ||     1
 Stab: Paralysed         |       |     8 |     8 |       ||    16
       Confused          |       |       |    12 |     9 ||    21
Armor: Robe              |    23 |    32 |   112 |   152 ||   319
       Troll leather arm |       |       |       |   183 ||   183
Dodge: Dodged            |    32 |    62 |   150 |   377 ||   621
Block: Buckler           |       |       |       |    22 ||    22

Table legend: (Time is in decaauts)
 A = Elapsed time spent in this place.
 B = Non-inter-level travel time spent in this place.
 C = Inter-level travel time spent in this place.
 D = Time resting spent in this place.
 E = Time spent auto-exploring this place.
 F = Levels seen in this place.
 G = Mean time per level.
                   A        B        C        D        E       F      G
               +--------+--------+--------+--------+--------+-----+--------+
         Total |  22985 |  21998 |    987 |  10394 |   8526 |  11 | 2089.5 |
       Dungeon |  22830 |  21867 |    963 |  10394 |   8409 |  10 | 2283.0 |
        Temple |    154 |    130 |     24 |      0 |    117 |   1 |  154.0 |
               +--------+--------+--------+--------+--------+-----+--------+

Top non-repeatable levels by time:
     D:9: 4372 daAuts
     D:4: 2852 daAuts
     D:6: 2800 daAuts
     D:7: 2716 daAuts
    D:10: 2210 daAuts
     D:1: 2011 daAuts
     D:8: 1642 daAuts
     D:3: 1562 daAuts
     D:5: 1439 daAuts
     D:2: 1222 daAuts
  Temple: 154 daAuts
